 Dungeon Crawl Stone Soup version 0.31-a0-202-g547052bce9 (webtiles) character file.

Game seed: 16447933665234437009

277 qw the Skirmisher (level 6, 0/36 HPs)
             Began as a Deep Elf Hunter on June 26, 2023.
             Slain by Edmund
             ... wielding a +0 flail of protection
              (3 damage)
             ... on level 4 of the Dungeon.
             The game lasted 00:01:14 (3098 turns).

qw the Skirmisher (Deep Elf Hunter)                 Turns: 3098, Time: 00:01:14

Health: 0/36       AC:  7    Str: 10    XL:     6   Next: 4%
Magic:  0/8        EV: 11    Int: 14    God:
Gold:   161        SH:  0    Dex: 18    Spells: 5/5 levels left

rFire   . . .        Y - +0 shortbow
rCold   . . .        (shield currently unavailable)
rNeg    . . .        f - +0 ring mail
rPois   .            n - +0 helmet
rElec   .            d - +0 cloak
rCorr   .            (no gloves)
SInv    .            (no boots)
Will    .....        g - amulet of guardian spirit
Stlth   +            (no ring)
HPRegen 0.26/turn    (no ring)
MPRegen 0.11/turn

%: guardian spirit
@: no status effects
A: no striking features
a: no special abilities


You were on level 4 of the Dungeon.
You visited 1 branch of the dungeon, and saw 4 of its levels.

You collected 161 gold pieces.


   Skills:
 - Level 2.5 Fighting
 - Level 9.0 Ranged Weapons
 + Level 0.4 Armour
 - Level 2.4 Dodging
 - Level 1.2 Stealth


You had 5 spell levels left.
You didn't know any spells.
Your spell library was empty.

Inventory:

Hand Weapons
 Y - a +0 shortbow (weapon)
Armour
 c - a scarf of shadows
 d - a +0 cloak (worn)
 f - a +0 ring mail (worn)
 n - a +0 helmet (worn)
Jewellery
 b - a ring of fire
 g - an amulet of guardian spirit (around neck)
Scrolls
 a - a scroll of enchant weapon {unknown}
 e - a scroll of blinking {unknown}
 i - 2 scrolls of identify
Potions
 h - a potion of lignification {unknown}
 k - a potion of berserk rage {unknown}
 l - a potion of cancellation {unknown}
 m - a potion of degeneration {unknown}

Dungeon Overview and Level Annotations

Branches:
Dungeon (4/15)
 Temple: D:4-7

Altars:

Annotations:
D:4 Edmund


Message History

Edmund says, "I'm quite good with sums, too."
Edmund barely misses you.
You shoot an arrow. The arrow closely misses Edmund.
Edmund closely misses you.
You shoot an arrow. The arrow hits Edmund.
Edmund is moderately wounded.
Edmund hits you with a +0 flail of protection. x2
You shoot an arrow. The arrow hits Edmund.
Edmund is moderately wounded.
Edmund misses you.
You shoot an arrow.
The arrow hits Edmund but does no damage.
Edmund is moderately wounded.
Edmund completely misses you.
You shoot an arrow. The arrow hits Edmund.
Edmund is heavily wounded.
Edmund completely misses you.
You shoot an arrow.
The arrow hits Edmund but does no damage.
Edmund is heavily wounded.
Edmund hits you with a +0 flail of protection.
You shoot an arrow.
The arrow hits Edmund but does no damage.
Edmund is heavily wounded.
Edmund hits you with a +0 flail of protection!
You shoot an arrow. The arrow hits Edmund.
Edmund is heavily wounded.
Edmund mutters, "Who needs spells, anyway?"
Edmund hits you but does no damage.
You shoot an arrow. The arrow hits Edmund.
Edmund is severely wounded.
Edmund hits you with a +0 flail of protection!
You shoot an arrow. The arrow closely misses Edmund.
Edmund hits you with a +0 flail of protection.
You shoot an arrow. The arrow barely misses Edmund.
Edmund hits you with a +0 flail of protection!
You shoot an arrow. The arrow hits Edmund.
Edmund is severely wounded.
Edmund hits you with a +0 flail of protection.
You die...

#...........##
###..........#
######..#### ####.##
#### ###.....# ###....
#........## ##.......
..........####........
...........##.........
........##....@@......
##......###...........
##.....##............
#######.............
#.............
###.......<.##
####..##### ####


You could see Edmund.

Vanquished Creatures
  A scorpion (D:4)
  A sleepcap (D:2)
  An orc wizard (D:3)
  Robin (D:3)
  3 gnolls (D:3)
  2 adders
  2 worms (D:2)
  3 dart slugs
  8 orcs
  6 endoplasms
  15 goblins
  13 hobgoblins
  3 jackals (D:2)
  2 quokkas
  7 ball pythons
  6 bats
  8 frilled lizards
  3 kobolds (D:2)
85 creatures vanquished.

Notes
Turn   | Place    | Note
-------+----------+-------------------------------------------
     0 | D:1      | qw the Deep Elf Hunter began the quest for the Orb.
     0 | D:1      | Reached XP level 1. HP: 12/12 MP: 3/3
     0 | D:1      | 0 ||| qw: Version: 0.3-a-22-g0ed2b0b
     0 | D:1      | 0 ||| qw: Game counter: 6257
     0 | D:1      | 0 ||| qw: Melee chars always use a shield: true
     0 | D:1      | 0 ||| qw: God list: Okawaru
     0 | D:1      | 0 ||| qw: Allow faded altars: false
     0 | D:1      | 0 ||| qw: Do Orc after clearing Dungeon:15 true
     0 | D:1      | 0 ||| qw: Do second Lair branch before Depths: true
     0 | D:1      | 0 ||| qw: Lair rune preference: random
     0 | D:1      | 0 ||| qw: Goals: Normal
     0 | D:1      | 0 ||| PLANNING D:1-11
   434 | D:1      | Found a faded altar of an unknown god.
   636 | D:1      | Reached skill level 6 in Ranged Weapons
   636 | D:1      | Reached XP level 2. HP: 16/16 MP: 4/4
   706 | D:1      | 706 ||| UPGRADING to +0 cloak.
   711 | D:1      | 711 ||| UPGRADING to +0 ring mail.
   721 | D:1      | 721 ||| DROPPING +0 leather armour.
   722 | D:1      | 722 ||| UPGRADING to amulet of guardian spirit.
   727 | D:1      | 727 ||| READING scroll labelled GOSUXAQAICS.
   730 | D:1      | 730 ||| READING 3 scrolls labelled EXTEDA WUPTORR.
   731 | D:1      | 731 ||| READING 2 scrolls of identify.
   731 | D:1      | 731 ||| IDENTIFYING green potion
   732 | D:1      | 732 ||| DROPPING scroll of butterflies.
  1067 | D:2      | HP: 2/16 [worm (4)]
  1070 | D:2      | Reached XP level 3. HP: 4/20 MP: 0/5
  1289 | D:2      | Reached skill level 7 in Ranged Weapons
  1473 | D:2      | Reached XP level 4. HP: 10/25 MP: 2/6
  1821 | D:2      | 1821 ||| READING scroll labelled KODUFI LIYRREPP.
  1822 | D:2      | 1822 ||| READING scroll labelled TAMIOF EDDI.
  1856 | D:3      | Reached skill level 8 in Ranged Weapons
  2013 | D:3      | Reached XP level 5. HP: 29/29 MP: 7/7
  2320 | D:3      | Noticed Robin
  2333 | D:3      | Killed Robin
  2335 | D:3      | HP: 5/29 [hobgoblin[Robin] (3)]
  2336 | D:3      | 2336 ||| READING scroll of teleportation.
  2724 | D:3      | 2724 ||| DROPPING scarf of shadows.
  2725 | D:3      | 2725 ||| UPGRADING to +0 helmet.
  2730 | D:3      | 2730 ||| DRINKING 2 metallic purple potions.
  2731 | D:3      | 2731 ||| READING 2 scrolls of identify.
  2731 | D:3      | 2731 ||| IDENTIFYING dark potion
  2732 | D:3      | 2732 ||| DROPPING potion of magic.
  2758 | D:4      | 2758 ||| STAIRDANCE
  2795 | D:4      | 2795 ||| STAIRDANCE
  2799 | D:3      | 2799 ||| DRINKING 2 potions of curing.
  2799 | D:3      | 2799 ||| (to cure confusion)
  2801 | D:3      | 2801 ||| DRINKING potion of curing.
  2801 | D:3      | 2801 ||| (to cure confusion)
  2803 | D:3      | Reached skill level 9 in Ranged Weapons
  2892 | D:4      | HP: 7/29 [scorpion (5)]
  2893 | D:4      | 2893 ||| DRINKING potion of heal wounds.
  2901 | D:4      | Reached XP level 6. HP: 19/36 MP: 5/8
  3071 | D:4      | Noticed Edmund
  3095 | D:4      | HP: 8/36 [Edmund/+0 flail of protection (9)]
  3097 | D:4      | HP: 3/36 [Edmund/+0 flail of protection (5)]
  3098 | D:4      | Slain by Edmund

Levels and vault maps discovered:
D:1:      pf_arrival_petrified_forest, layout_loops_ring,
          shapermc_ecumenical_altar_ellora
D:2:      layout_loops_corners, minmay_small_reverse_x
D:3:      layout_basic, nrook_uturn, uniq_robin
D:4:      layout_cave_pods, makhleb_altar_promises_db, lemuel_temple_firewalk_b,
          corexii_checkpoint_a, nicolae_shop_i_like_small_books_too, uniq_edmund

Skill      XL: |  1  2  3  4  5 |
---------------+----------------+-----
Ranged Weapons | 6 7 8 9 |  9.0
Fighting       | 2 |  2.5
Armour         | |  0.4
Dodging        | |  2.4
Stealth        | |  1.2

Action                     |  1- 3 |  4- 6 || total
---------------------------+-------+-------++-------
   Fire: Shortbow          |   124 |   177 ||   301
    Use: Scroll            |     3 |     4 ||     7
         Potion            |       |     4 ||     4
 Armour: Ring mail         |    17 |    34 ||    51
  Dodge: Dodged            |    25 |    62 ||    87

Table legend:
 A = Non-vault XP
 B = Vault XP
 C = Vault XP percentage of total XP
 D = Non-vault monster count
 E = Vault monster count
 F = Vault count percentage of total count
                 A         B        C        D         E       F
            +---------+---------+-------+---------+---------+-------
      Total |     345 |      52 |  13.1 |      69 |      16 |  18.8
            +---------+---------+-------+---------+---------+-------
        D:1 |      15 |       0 |   0.0 |      12 |       0 |   0.0
        D:2 |     108 |      15 |  12.2 |      31 |       4 |  11.4
        D:3 |     104 |      37 |  26.2 |      18 |      12 |  40.0
        D:4 |     118 |       0 |   0.0 |       8 |       0 |   0.0
            +---------+---------+-------+---------+---------+-------
